Map: Oxide LE

Players

Bunny - Winner!

  • Race: Terran Terran
  • Spawn Location: 7:00

INnoVation

  • Race: Terran Terran
  • League: Grandmaster
  • Spawn Location: 1:00

VOD

Have the link to the VOD?

Description

Time

  • Played on: Jan. 14, 2021, 10:49 a.m.
  • Length: 12:25
Show
View Real Time Build Order
Export as new Build Order

Bunny Terran - Winner!

Build Orders:  

Get SALT Encoding   

  12  0:00  SCV  
  13  0:13  Supply Depot  
  13  0:17  SCV  
  14  0:36  Barracks  
  14  0:41  Refinery  
  15  0:54  Barracks  
  14  0:58  SCV  
  15  1:10  SCV  
  16  1:23  Reaper  
  16  1:24  Orbital Command  
  17  1:31  Refinery  
  17  1:41  Reaper  
  18  1:50  SCV  
  19  1:59  Reaper  
  19  2:00  Supply Depot  
  20  2:02  SCV  
  21  2:13  Reaper  
  21  2:14  SCV  
  23  2:27  Factory, SCV  
  24  2:37  Reaper  
  24  2:40  SCV  
  26  2:46  Reaper  
  26  2:47  Supply Depot  
  27  2:52  SCV  
  28  3:04  SCV  
  29  3:11  Factory Tech Lab  
  29  3:18  Command Center  
  29  3:21  SCV  
  30  3:29  Cyclone  
  34  3:38  Starport  
  34  3:40  SCV  
  34  3:52  SCV  
  35  4:05  SCV  
  36  4:10  Factory Tech Lab  
  36  4:18  SCV  
  36  4:21  Command Center  
  37  4:30  Siege Tank, SCV  
  41  4:32  Barracks Reactor, Viking  
  41  4:38  Orbital Command  
  42  4:42  SCV  
  43  4:48  Bunker  
  43  4:54  SCV  
  44  5:02  Siege Tank  
  44  5:05  SCV  
  44  5:06  SCV  
  47  5:15  Refinery x2, Marine x2  
  47  5:17  Raven  
  47  5:20  Supply Depot, SCV  
  52  5:22  SCV  
  52  5:38  SCV x2  
  52  5:42  Orbital Command, Marine x2  
  56  5:50  Siege Tank, SCV x2  
  61  5:57  Supply Depot  
  61  6:00  Marine x2  
  61  6:02  SCV x2  
  65  6:08  SCV  
  65  6:10  Raven  
  68  6:14  SCV x2  
  68  6:18  Marine x2  
  70  6:22  Siege Tank  
  75  6:27  SCV  
  75  6:28  SCV x2  
  78  6:36  Marine x2  
  78  6:38  Barracks, Orbital Command  
  78  6:39  Barracks  
  80  6:43  SCV x2  
  82  6:54  Siege Tank  
  82  6:56  Engineering Bay  
  82  6:57  Engineering Bay, Supply Depot  
  82  6:58  Supply Depot  
  85  7:09  Starport Reactor  
  85  7:10  Stimpack  
  85  7:12  Supply Depot  
  85  7:15  SCV x3, Marine  
  89  7:23  Terran Infantry Weapons Level 1  
  89  7:24  Terran Infantry Armor Level 1, Barracks  
  89  7:26  Barracks  
  89  7:28  Barracks Reactor  
  89  7:30  SCV x2  
  89  7:31  SCV  
  89  7:33  Siege Tank  
  89  7:36  Marine x2  
  97  7:37  Marine  
  97  7:43  Supply Depot x2, SCV x2  
  100  7:45  SCV  
  100  7:54  Medivac x2  
  100  7:55  Marine x3  
  103  7:59  SCV x3  
  103  8:03  Refinery x2  
  103  8:05  Siege Tank  
  109  8:09  Marine x2  
  111  8:13  Sensor Tower, Marine  
  111  8:18  SCV x2  
  111  8:19  SCV  
  115  8:20  Barracks Reactor x2  
  115  8:21  Supply Depot  
  115  8:24  Medivac  
  115  8:26  Supply Depot, Marine x2  
  118  8:27  Supply Depot  
  118  8:30  Medivac  
  120  8:36  Marine x3  
  120  8:39  SCV x3, Armory  
  126  8:42  Supply Depot  
  126  8:44  Supply Depot, Marine  
  126  8:46  Siege Tank  
  128  8:52  Combat Shield  
  128  8:55  Marine x2  
  127  8:56  Marine x2  
  127  8:58  Medivac  
  130  9:10  Marine x5  
  130  9:13  Medivac, Marine  
  133  9:17  Supply Depot  
  133  9:18  Supply Depot  
  133  9:20  Marine x3  
  133  9:24  Siege Tank  
  139  9:25  SCV  
  139  9:26  SCV x2  
  139  9:28  Marine x5  
  139  9:31  Command Center  
  147  9:37  Medivac, Marine  
  150  9:43  Medivac  
  150  9:45  Terran Infantry Weapons Level 2  
  152  9:51  Terran Infantry Armor Level 2  
  151  9:54  SCV x3  
  151  9:56  Siege Tank  
  151  9:58  Terran Vehicle Weapons Level 1, Marine  
  151  9:59  Marine x5  
  163  10:04  Marine x2  
  165  10:07  Marine  
  159  10:16  Marine  
  150  10:21  Marine  
  150  10:22  Marine x6  
  150  10:25  Marine  
  150  10:26  Factory  
  150  10:28  Siege Tank  
  158  10:30  SCV x3  
  158  10:34  Marine  
  162  10:39  Marine x6  
  168  10:53  Medivac x2  
  168  10:54  Barracks  
  168  10:56  Barracks  
  169  10:59  Marine x8  
  169  11:00  Siege Tank  
  179  11:09  Marine  
  173  11:16  Marine  
  173  11:17  Marine x5  
  173  11:29  Marine x3  
  173  11:31  Factory Tech Lab  
  172  11:32  Planetary Fortress  
  172  11:34  Barracks, Marine x5  
  172  11:35  Medivac x2  
  181  11:41  Marine x2  
  181  11:42  Siege Tank  
  181  11:45  Command Center  
  186  11:47  Marine x3  
  186  11:48  Marine  
  186  11:50  Siege Tank  
  186  11:52  Marine x5  
  198  11:58  Marine  
  198  11:59  Marine  
  198  12:05  Marine x2  
Show
View Real Time Build Order
Export as new Build Order

INnoVation Terran 

Build Orders:  

Get SALT Encoding   

  12  0:00  SCV  
  13  0:12  SCV  
  14  0:17  Supply Depot  
  14  0:24  SCV  
  15  0:39  SCV  
  15  0:41  Barracks  
  16  0:42  Refinery  
  16  0:51  SCV  
  16  0:52  Refinery  
  17  1:03  SCV  
  18  1:15  SCV  
  19  1:27  Orbital Command  
  19  1:28  Reaper  
  19  1:29  Supply Depot  
  20  1:40  Factory  
  20  1:53  SCV  
  21  2:00  Reaper  
  22  2:05  SCV  
  23  2:14  Command Center  
  23  2:17  SCV  
  23  2:24  Hellion  
  25  2:31  SCV  
  25  2:32  Marine  
  25  2:40  Supply Depot  
  25  2:43  SCV  
  26  2:45  Hellion  
  26  2:50  Marine  
  29  2:55  SCV  
  29  3:07  Hellion, SCV, Marine  
  32  3:14  Starport  
  32  3:19  SCV  
  33  3:26  Barracks Reactor  
  33  3:29  Factory Tech Lab  
  33  3:30  Supply Depot  
  33  3:32  SCV  
  34  3:44  SCV  
  35  3:49  Cyclone  
  35  3:55  Medivac  
  40  3:56  SCV  
  40  4:02  Marine x2  
  42  4:03  Orbital Command  
  43  4:10  SCV  
  43  4:13  Refinery  
  44  4:20  Marine  
  44  4:21  Marine  
  46  4:25  Siege Tank  
  46  4:26  SCV  
  49  4:34  SCV  
  49  4:36  Starport Tech Lab  
  49  4:38  SCV  
  51  4:39  Marine x2  
  53  4:46  SCV  
  53  4:50  SCV  
  53  4:51  Supply Depot  
  55  4:55  Raven  
  55  4:58  SCV  
  58  5:00  Marine x2  
  58  5:02  SCV  
  60  5:11  SCV  
  60  5:13  Siege Tank  
  64  5:14  SCV  
  64  5:15  Supply Depot  
  64  5:18  Marine x2  
  67  5:25  SCV  
  67  5:26  SCV  
  67  5:35  Marine  
  67  5:36  Marine  
  67  5:39  SCV x2  
  67  5:40  Raven  
  67  5:42  Command Center  
  69  5:45  Supply Depot, Siege Tank  
  72  5:51  SCV x2  
  72  5:53  Marine x2  
  76  5:57  Supply Depot  
  76  6:04  SCV  
  76  6:10  SCV  
  75  6:16  SCV  
  76  6:19  Siege Tank  
  76  6:22  SCV  
  76  6:24  Barracks  
  80  6:28  SCV  
  80  6:29  Barracks, Starport Reactor  
  80  6:32  Stimpack  
  81  6:34  SCV  
  81  6:38  Engineering Bay  
  82  6:40  SCV  
  82  6:41  Engineering Bay  
  82  6:42  Marine  
  82  6:46  SCV  
  85  6:51  Supply Depot  
  85  6:52  SCV  
  85  6:54  Orbital Command, Refinery  
  86  6:58  Siege Tank  
  86  6:59  SCV  
  86  7:00  Marine  
  91  7:04  SCV  
  91  7:06  Terran Infantry Armor Level 1, Terran Infantry Weapons Level 1  
  92  7:11  SCV  
  92  7:13  Marine x2  
  95  7:16  SCV  
  95  7:21  Barracks  
  95  7:22  Starport Reactor  
  96  7:23  SCV  
  96  7:24  Barracks  
  96  7:25  SCV  
  96  7:28  SCV, Marine x3  
  102  7:31  Marine  
  102  7:34  Siege Tank  
  102  7:35  Supply Depot, SCV  
  106  7:42  Marine  
  107  7:45  SCV  
  107  7:46  SCV, Marine x3  
  107  7:47  SCV  
  107  7:48  Marine  
  112  7:59  Marine  
  112  8:04  Marine x3  
  112  8:05  SCV x3  
  117  8:06  Marine  
  117  8:07  Supply Depot  
  117  8:08  Supply Depot, Medivac  
  117  8:09  Medivac, Armory  
  117  8:10  Barracks Reactor x2  
  117  8:11  Combat Shield  
  123  8:14  Refinery x2  
  123  8:17  Siege Tank  
  125  8:29  SCV x3, Marine x5  
  125  8:31  Supply Depot x2  
  133  8:41  Medivac x2, SCV x3  
  135  8:46  Marine x3  
  141  8:52  Siege Tank, Marine x6  
  150  8:57  Supply Depot x2  
  137  9:04  Marine x2  
  137  9:07  Command Center  
  122  9:10  Marine x7  
  122  9:14  Medivac x2  
  133  9:21  Sensor Tower  
  133  9:22  Marine  
  134  9:24  Siege Tank  
  134  9:28  Marine x2  
  138  9:35  Factory  
  138  9:38  Marine x5  
  137  9:42  Barracks Reactor, SCV  
  137  9:43  SCV x2  
  143  9:53  Marine x3  
  143  9:55  SCV x2  
  143  9:56  Marine x5  
  143  9:57  Siege Tank  
  156  10:02  Terran Infantry Weapons Level 2  
  156  10:03  Terran Infantry Armor Level 2  
  156  10:05  Terran Vehicle Weapons Level 1  
  155  10:08  SCV x2  
  155  10:09  SCV  
  157  10:14  Marine x4  
  157  10:15  Marine  
  157  10:19  Marine  
  153  10:27  Planetary Fortress  
  153  10:29  Siege Tank  
  153  10:32  Marine, Viking x2  
  153  10:33  Marine  
  162  10:36  Siege Tank  
  162  10:41  Marine  
  162  10:42  Marine x4  
  170  10:48  SCV x3  
  173  10:50  Marine  
  173  10:51  Marine x4  
  171  10:59  Marine  
  169  11:07  Siege Tank, Marine  
  169  11:08  Siege Tank, Marine x6  
  169  11:09  Barracks Reactor  
  174  11:14  Viking x2  
  175  11:19  SCV  
  175  11:20  SCV  
  170  11:28  Marine x8  
  170  11:29  Orbital Command  
  156  11:39  Siege Tank  
  146  11:40  Siege Tank  
  146  11:46  Marine  
  150  11:48  Marine x6  
  150  11:49  Marine x3  
  159  11:55  Medivac  
  159  12:04  Marine  
  159  12:06  Marine x2  
  159  12:07  Marine x6  
Tags
 
Add a new tag
Caveats
  • Supply blocks, unpowered buildings, or Contaminate may cause inaccurate times.
  • Supply counts are checked every 10 seconds.